EL
MOBILE BAYBEARS @ COLORADO (EL) ROCKIES
08/03/2048
 
TOP OF THE 1ST
Mobile BayBears batting - Pitching for Colorado (EL) Rockies : RHP Dave Shanks
Pitching: RHP Dave Shanks
Batting: RHB Carlos Ballesteros 0-0: Ball
1-0: DOUBLE (Flyball, 8RXD, EV 97.5 MPH)
Batting: LHB Koson Hirai 0-0: Called Strike
0-1: Ball
1-1: Ball
2-1: 2-RUN HOME RUN (Flyball, 78XD, EV 95.0 MPH), Distance : 376 ft
Batting: LHB Soo-yeon Kym 0-0: Ball
1-0: Called Strike
1-1: Swinging Strike
1-2: Ball
2-2: Ball
3-2: Foul Ball, location: 2F
3-2: Foul Ball, location: 2F
3-2: Base on Balls
Batting: RHB Blake Beale 0-0: Ball
1-0: Foul Ball, location: 2F
1-1: Ball
2-1: Hit by Pitch
Soo-yeon Kym to second
Batting: RHB Chris Bittner 0-0: Ball
Wild Pitch!
Soo-yeon Kym to third
Blake Beale to second
1-0: Foul Ball, location: 2F
1-1: Fly out, F9 (Flyball, 9D, EV 86.9 MPH)
Runner from 3rd tags up, SCORES, throw by RF
Blake Beale to third
Batting: RHB Josh Burrows 0-0: Ball
1-0: Called Strike
1-1: Called Strike
1-2: 2-RUN HOME RUN (Flyball, 8RXD, EV 109.4 MPH), Distance : 428 ft
Batting: RHB Jeremy Adams 0-0: Swinging Strike
0-1: Ball
1-1: Ball
2-1: Ball
3-1: Foul Ball, location: 2F
3-2: Base on Balls
Batting: RHB Franklin Villanueva 0-0: Ball
1-0: Foul Ball, location: 2F
1-1: Fielders Choice at 2nd, 1-6 (Groundball, 13S, EV 68.8 MPH)
Batting: RHB Curt Barrett 0-0: Swinging Strike
0-1: Ball
1-1: Ball
2-1: Ground out 1-3 (Groundball, 13S, EV 71.9 MPH)
Top of the 1st over - 5 runs, 3 hits, 0 errors, 1 left on base; Mobile 5 - Colorado (EL) 0
BOTTOM OF THE 1ST
Colorado (EL) Rockies batting - Pitching for Mobile BayBears : LHP Sean Zech
Pitching: LHP Sean Zech
Batting: LHB Nick Martin 0-0: Ball
1-0: Fly out, F6 (Popup, 6D, EV 45.0 MPH)
Batting: RHB Matviy Oliynyk 0-0: Called Strike
0-1: Ball
1-1: Swinging Strike
1-2: Ball
2-2: Foul Ball, location: 2F
2-2: Strikes out looking
Batting: SHB Bobby Santor 0-0: Ball
1-0: Swinging Strike
1-1: Foul Ball, location: 2F
1-2: Ball
2-2: Foul Ball, location: 2F
2-2: Fly out, F8 (Flyball, 89M, EV 73.8 MPH)
Bottom of the 1st over - 0 runs, 0 hits, 0 errors, 0 left on base; Mobile 5 - Colorado (EL) 0
TOP OF THE 2ND
Mobile BayBears batting - Pitching for Colorado (EL) Rockies : RHP Dave Shanks
Batting: RHB Carlos Ballesteros 0-0: Ball
1-0: Swinging Strike
1-1: Ball
2-1: Ground out 6-3 (Groundball, 6, EV 84.4 MPH)
Batting: LHB Koson Hirai 0-0: Ball
1-0: Ball
2-0: SINGLE (Groundball, 4MD, EV 103.8 MPH)
Batting: LHB Soo-yeon Kym 0-0: Ball
1-0: Swinging Strike
1-1: Grounds into double play, 4-6-3 (Groundball, 4, EV 106.9 MPH)
Top of the 2nd over - 0 runs, 1 hit, 0 errors, 0 left on base; Mobile 5 - Colorado (EL) 0
BOTTOM OF THE 2ND
Colorado (EL) Rockies batting - Pitching for Mobile BayBears : LHP Sean Zech
Batting: RHB Zakhar Edelman 0-0: Called Strike
0-1: Swinging Strike
0-2: Strikes out looking and he ARGUES THE CALL AND IS TOSSED!
Batting: RHB Chris Osting 0-0: Ground out 5-3 (Groundball, 56, EV 103.1 MPH)
Batting: RHB Pei Xie 0-0: Ground out 6-3 (Groundball, 6, EV 86.2 MPH)
Bottom of the 2nd over - 0 runs, 0 hits, 0 errors, 0 left on base; Mobile 5 - Colorado (EL) 0
TOP OF THE 3RD
Mobile BayBears batting - Pitching for Colorado (EL) Rockies : RHP Dave Shanks
Now in RF: Daniel Green
Batting: RHB Blake Beale 0-0: Ball
1-0: SINGLE (Line Drive, 9S, EV 86.9 MPH)
Pitching: LHP Kyle Mearkle
Batting: RHB Chris Bittner 0-0: Called Strike
0-1: Fly out, F8 (Flyball, 8RXD, EV 75.6 MPH)
Batting: RHB Josh Burrows 0-0: Called Strike
0-1: Swinging Strike
0-2: Strikes out swinging
Batting: RHB Jeremy Adams 0-0: Ball
1-0: Ball
2-0: Ground out 5-3 (Groundball, 15, EV 91.2 MPH)
Top of the 3rd over - 0 runs, 1 hit, 0 errors, 1 left on base; Mobile 5 - Colorado (EL) 0
BOTTOM OF THE 3RD
Colorado (EL) Rockies batting - Pitching for Mobile BayBears : LHP Sean Zech
Batting: RHB Andy Rayer 0-0: Foul Ball, location: 2F
0-1: Ball
1-1: Foul Ball, location: 2F
1-2: Ball
2-2: Ground out U3 (Groundball, 34S, EV 91.2 MPH)
Batting: LHB Paul McClintock 0-0: Called Strike
0-1: Foul Ball, location: 2F
0-2: Foul Ball, location: 2F
0-2: Ball
1-2: Ball
2-2: Foul Ball, location: 2F
2-2: Ball
3-2: Base on Balls
Batting: RHB Kevin McKasson 0-0: Grounds into double play, 5-4-3 (Groundball, 25, EV 90.6 MPH)
Bottom of the 3rd over - 0 runs, 0 hits, 0 errors, 0 left on base; Mobile 5 - Colorado (EL) 0
TOP OF THE 4TH
Mobile BayBears batting - Pitching for Colorado (EL) Rockies : LHP Kyle Mearkle
Batting: RHB Franklin Villanueva 0-0: Ball
1-0: Called Strike
1-1: Foul Ball, location: 2F
1-2: SINGLE (Groundball, 3D, EV 96.2 MPH)
Batting: RHB Curt Barrett 0-0: Swinging Strike
0-1: Ball
1-1: Foul Ball, location: 2F
1-2: Ball
2-2: Fly out, F9 (Flyball, 89M, EV 81.2 MPH)
Batting: RHB Carlos Ballesteros 0-0: Called Strike
0-1: Ball
1-1: Swinging Strike
1-2: Ball
2-2: Foul Ball, location: 2F
2-2: Foul Ball, location: 2F
2-2: Ball
3-2: Base on Balls
Franklin Villanueva to second
Batting: LHB Koson Hirai 0-0: Hit by Pitch
Franklin Villanueva to third
Carlos Ballesteros to second
Batting: LHB Soo-yeon Kym 0-0: Ball
1-0: Swinging Strike
1-1: Swinging Strike
1-2: Strikes out swinging
Batting: RHB Blake Beale 0-0: Ball
1-0: Fly out, F3 (Popup, 3SF, EV 84.4 MPH)
Top of the 4th over - 0 runs, 1 hit, 0 errors, 3 left on base; Mobile 5 - Colorado (EL) 0
BOTTOM OF THE 4TH
Colorado (EL) Rockies batting - Pitching for Mobile BayBears : LHP Sean Zech
Batting: LHB Nick Martin 0-0: Swinging Strike
0-1: Called Strike
0-2: Strikes out swinging
Batting: RHB Matviy Oliynyk 0-0: Ball
1-0: Foul Ball, location: 2F
1-1: Ball
2-1: Ground out 1-3 (Groundball, P, EV 66.2 MPH)
Batting: SHB Bobby Santor 0-0: Called Strike
0-1: Swinging Strike
0-2: Ball
1-2: Foul Ball, location: 2F
1-2: Ball
2-2: Ground out 5-3 (Groundball, 56, EV 82.5 MPH)
Bottom of the 4th over - 0 runs, 0 hits, 0 errors, 0 left on base; Mobile 5 - Colorado (EL) 0
TOP OF THE 5TH
Mobile BayBears batting - Pitching for Colorado (EL) Rockies : LHP Kyle Mearkle
Batting: RHB Chris Bittner 0-0: Ball
1-0: Ball
2-0: Ball
3-0: Called Strike
3-1: Called Strike
3-2: Strikes out swinging
Batting: RHB Josh Burrows 0-0: Ball
1-0: Swinging Strike
1-1: SINGLE (Groundball, 4MD, EV 105.6 MPH)
Batting: RHB Jeremy Adams 0-0: Ball
1-0: Called Strike
1-1: SINGLE (Groundball, 5D, EV 97.5 MPH)
Josh Burrows to second
Pitching: RHP Michael Conrad
Batting: RHB Franklin Villanueva 0-0: Ball
1-0: Foul Ball, location: 2F
1-1: Swinging Strike
1-2: Strikes out swinging
Batting: RHB Curt Barrett 0-0: Ball
1-0: Ball
2-0: DOUBLE (Line Drive, 5D, EV 98.8 MPH)
Josh Burrows scores
Jeremy Adams to third
Runner from 3rd tries for Home, SAFE, no throw by LF
Batting: RHB Carlos Ballesteros 0-0: Ground out 6-3 (Groundball, 56, EV 98.8 MPH)
Top of the 5th over - 2 runs, 3 hits, 0 errors, 1 left on base; Mobile 7 - Colorado (EL) 0
BOTTOM OF THE 5TH
Colorado (EL) Rockies batting - Pitching for Mobile BayBears : LHP Sean Zech
Batting: LHB Daniel Green 0-0: Called Strike
0-1: SINGLE (Groundball, 5S, EV 68.1 MPH) (infield hit)
Batting: RHB Chris Osting 0-0: Called Strike
0-1: Ball
1-1: Swinging Strike
1-2: Ball
2-2: Foul Ball, location: 2F
2-2: Grounds into double play, 6-4-3 (Groundball, 6, EV 78.1 MPH)
Batting: RHB Pei Xie 0-0: Ball
1-0: Ball
2-0: Called Strike
2-1: Foul Ball, location: 2F
2-2: Strikes out swinging
Bottom of the 5th over - 0 runs, 1 hit, 0 errors, 0 left on base; Mobile 7 - Colorado (EL) 0
TOP OF THE 6TH
Mobile BayBears batting - Pitching for Colorado (EL) Rockies : RHP Michael Conrad
Batting: LHB Koson Hirai 0-0: Foul Ball, location: 2F
0-1: Ball
1-1: Ball
2-1: Swinging Strike
2-2: Fly out, F9 (Line Drive, 89M, EV 92.5 MPH)
Batting: LHB Soo-yeon Kym 0-0: Ball
1-0: SINGLE (Groundball, 34D, EV 104.4 MPH) (infield hit)
Batting: RHB Blake Beale 0-0: Ball
1-0: Ball
2-0: Called Strike
2-1: SINGLE (Groundball, 56D, EV 98.8 MPH)
Soo-yeon Kym to second
Batting: RHB Chris Bittner 0-0: Called Strike
0-1: Ball
1-1: Ball
2-1: Foul Ball, location: 2F
2-2: Ball
3-2: Foul Ball, location: 2F
3-2: Strikes out swinging
Batting: RHB Josh Burrows 0-0: Ball
1-0: Ball
2-0: Ball
3-0: Called Strike
3-1: Called Strike
3-2: DOUBLE (Groundball, 5L, EV 103.1 MPH)
Soo-yeon Kym scores
Blake Beale to third
Blake Beale scores
Batting: RHB Jeremy Adams 0-0: Called Strike
0-1: Foul Ball, location: 2F
0-2: Fly out, F8 (Flyball, 8LD, EV 103.8 MPH)
Top of the 6th over - 2 runs, 3 hits, 0 errors, 1 left on base; Mobile 9 - Colorado (EL) 0
BOTTOM OF THE 6TH
Colorado (EL) Rockies batting - Pitching for Mobile BayBears : LHP Sean Zech
Batting: RHB Andy Rayer 0-0: Ball
1-0: Swinging Strike
1-1: Ball
2-1: Foul Ball, location: 2F
2-2: Foul Ball, location: 2F
2-2: Ground out U3 (Groundball, 34S, EV 68.8 MPH)
Pitching: RHP Ming-feng Pi
Batting: LHB Paul McClintock 0-0: Called Strike
0-1: Called Strike
0-2: Fly out, F7 (Flyball, 7LM, EV 103.8 MPH)
Batting: RHB Kevin McKasson 0-0: Ball
1-0: Swinging Strike
1-1: Called Strike
1-2: Foul Ball, location: 2F
1-2: SINGLE (Groundball, 6MD, EV 97.5 MPH)
Batting: LHB Nick Martin 0-0: Called Strike
0-1: Ball
1-1: Ball
2-1: Foul Ball, location: 2F
2-2: Ball
3-2: Base on Balls
Kevin McKasson to second
Batting: RHB Matviy Oliynyk 0-0: Ball
1-0: Ball
2-0: Called Strike
2-1: Foul Ball, location: 2F
2-2: DOUBLE (Flyball, 89XD, EV 98.1 MPH)
Kevin McKasson scores
Nick Martin to third
Runner from 3rd tries for Home, SAFE, throw by RF to trailing runner, SAFE at third!
Batting: SHB Bobby Santor 0-0: Ball
1-0: Called Strike
1-1: Ball
2-1: DOUBLE (Flyball, 78D, EV 103.1 MPH)
Matviy Oliynyk scores
Pitching: RHP Tadatoki Yoshida
Batting: LHB Daniel Green 0-0: Swinging Strike
0-1: Ball
1-1: Ground out 4-3 (Groundball, 4, EV 92.5 MPH)
Bottom of the 6th over - 3 runs, 3 hits, 0 errors, 1 left on base; Mobile 9 - Colorado (EL) 3
TOP OF THE 7TH
Mobile BayBears batting - Pitching for Colorado (EL) Rockies : RHP Michael Conrad
Pitching: RHP Lorenzo Pacheco
Batting: RHB Franklin Villanueva 0-0: Ball
1-0: Ball
2-0: Called Strike
2-1: Ball
3-1: Swinging Strike
3-2: Ground out 6-3 (Groundball, 6, EV 88.8 MPH)
Batting: RHB Curt Barrett 0-0: Ball
1-0: Ball
2-0: Ball
3-0: Base on Balls
Batting: RHB Carlos Ballesteros 0-0: Called Strike
0-1: Swinging Strike
0-2: Ball
1-2: Ball
2-2: Ball
3-2: Strikes out swinging
Batting: LHB Koson Hirai 0-0: Ball
1-0: Ball
2-0: Fly out, F8 (Flyball, 8LS, EV 74.4 MPH)
Top of the 7th over - 0 runs, 0 hits, 0 errors, 1 left on base; Mobile 9 - Colorado (EL) 3
BOTTOM OF THE 7TH
Colorado (EL) Rockies batting - Pitching for Mobile BayBears : RHP Tadatoki Yoshida
Batting: RHB Chris Osting 0-0: Ball
1-0: SINGLE (Line Drive, 6D, EV 95.0 MPH)
Batting: RHB Pei Xie 0-0: Foul Ball, location: 2F
0-1: Called Strike
0-2: Ball
1-2: SINGLE (Groundball, 6MD, EV 105.6 MPH)
Chris Osting to second
Batting: RHB Andy Rayer 0-0: Called Strike
0-1: Ball
1-1: Ball
2-1: Swinging Strike
2-2: Ball
3-2: Foul Ball, location: 2F
3-2: Grounds into double play, 6-4-3 (Groundball, 6, EV 90.6 MPH)
Chris Osting to third
Batting: LHB Paul McClintock 0-0: Ground out 6-3 (Groundball, 6, EV 84.4 MPH)
Bottom of the 7th over - 0 runs, 2 hits, 0 errors, 1 left on base; Mobile 9 - Colorado (EL) 3
TOP OF THE 8TH
Mobile BayBears batting - Pitching for Colorado (EL) Rockies : RHP Lorenzo Pacheco
Batting: LHB Soo-yeon Kym 0-0: Ball
1-0: Swinging Strike
1-1: Ball
2-1: Ground out 6-3 (Groundball, 6S, EV 86.2 MPH)
Batting: RHB Blake Beale 0-0: Fly out, F8 (Flyball, 8LD, EV 98.8 MPH)
Batting: RHB Chris Bittner 0-0: Ball
1-0: Called Strike
1-1: Called Strike
1-2: Ball
2-2: Foul Ball, location: 2F
2-2: Ball
3-2: Foul Ball, location: 2F
3-2: Strikes out swinging, 2-3 out at first.
Top of the 8th over - 0 runs, 0 hits, 0 errors, 0 left on base; Mobile 9 - Colorado (EL) 3
BOTTOM OF THE 8TH
Colorado (EL) Rockies batting - Pitching for Mobile BayBears : RHP Tadatoki Yoshida
Batting: RHB Kevin McKasson 0-0: Ball
1-0: Ground out 6-3 (Groundball, 56, EV 108.8 MPH)
Batting: LHB Nick Martin 0-0: Ball
1-0: Ball
2-0: Called Strike
2-1: Ball
3-1: Base on Balls
Batting: RHB Matviy Oliynyk 0-0: Called Strike
0-1: Ball
1-1: Fly out, F8 (Flyball, 8RD, EV 90.0 MPH)
Batting: SHB Bobby Santor 0-0: SINGLE (Groundball, 6MD, EV 96.2 MPH)
Nick Martin to second
Runner from 2nd tries for 3rd, SAFE, throw by CF made to third
Batting: LHB Daniel Green 0-0: Called Strike
0-1: Ball
1-1: Fielders Choice at 2nd, 5-4 (Groundball, 5, EV 105.0 MPH)
Bottom of the 8th over - 0 runs, 1 hit, 0 errors, 2 left on base; Mobile 9 - Colorado (EL) 3
TOP OF THE 9TH
Mobile BayBears batting - Pitching for Colorado (EL) Rockies : RHP Lorenzo Pacheco
Pitching: RHP Terry Sterling
Batting: RHB Josh Burrows 0-0: Ball
1-0: Foul Ball, location: 2F
1-1: Ball
2-1: Ball
3-1: Swinging Strike
3-2: Fly out, F8 (Flyball, 89D, EV 102.5 MPH)
Batting: RHB Jeremy Adams 0-0: Foul Ball, location: 2F
0-1: Ball
1-1: Ball
2-1: Ball
3-1: Foul Ball, location: 2F
3-2: Strikes out swinging
Batting: RHB Franklin Villanueva 0-0: Ball
1-0: SINGLE (Groundball, 56D, EV 100.0 MPH)
Batting: RHB Curt Barrett 0-0: Ball
1-0: Ball
2-0: Foul Ball, location: 2F
2-1: Foul Ball, location: 2F
2-2: Foul Ball, location: 2F
2-2: Foul Ball, location: 2F
2-2: Ball
3-2: Foul Ball, location: 2F
3-2: Ground out 6-3 (Groundball, 6, EV 103.1 MPH)
Top of the 9th over - 0 runs, 1 hit, 0 errors, 1 left on base; Mobile 9 - Colorado (EL) 3
BOTTOM OF THE 9TH
Colorado (EL) Rockies batting - Pitching for Mobile BayBears : RHP Tadatoki Yoshida
Batting: RHB Chris Osting 0-0: Ball
1-0: Ball
2-0: Called Strike
2-1: Ground out 5-3 (Groundball, 56, EV 106.9 MPH)
Pinch Hitting: LHB Harry Folsom 0-0: Called Strike
0-1: Ball
1-1: Ball
2-1: Swinging Strike
2-2: Foul Ball, location: 2F
2-2: Strikes out looking
Batting: RHB Andy Rayer 0-0: Called Strike
0-1: Called Strike
0-2: Ball
1-2: Foul Ball, location: 2F
1-2: Foul Ball, location: 2F
1-2: Foul Ball, location: 2F
1-2: DOUBLE (Flyball, 89XD, EV 113.1 MPH)
Pitching: LHP Heath Henderson
Batting: LHB Paul McClintock 0-0: Ball
1-0: Called Strike
1-1: Called Strike
1-2: Ball
2-2: Ground out 4-3 (Groundball, 4, EV 101.2 MPH)
Bottom of the 9th over - 0 runs, 1 hit, 0 errors, 1 left on base; Mobile 9 - Colorado (EL) 3
Tuesday, March 28th , 2023 - OOTP Baseball 23.10 Build 110